Map: Alcyone LE

Players

Gauss - Winner!

  • Race: Protoss Protoss
  • League: Diamond
  • Spawn Location: 7:00

Ryoku

  • Race: Zerg Zerg
  • League: Diamond
  • Spawn Location: 1:00

VOD

Have the link to the VOD?

Description

Time

  • Played on: Nov. 22, 2023, 8:30 p.m.
  • Length: 10:35
Show
View Real Time Build Order
Export as new Build Order

Gauss Protoss - Winner!

Build Orders: 1 Gate Expand, Archon Immortal, Archon Drop, Dark Templar Rush 

Get SALT Encoding   

  12  0:00  Probe  
  13  0:12  Probe  
  14  0:19  Pylon  
  14  0:24  Probe  
  15  0:37  Probe (Chrono Boost)  
  15  0:40  Gateway  
  16  0:49  Assimilator, Probe (Chrono Boost)  
  17  0:54  Probe (Chrono Boost)  
  19  1:04  Probe  
  19  1:16  Probe  
  20  1:24  Nexus  
  20  1:37  Cybernetics Core  
  20  1:43  Assimilator  
  20  1:45  Probe  
  21  1:50  Pylon  
  21  1:57  Probe  
  22  2:09  Probe  
  22  2:13  Adept (Chrono Boost)  
  23  2:18  Warp Gate  
  23  2:21  Probe  
  26  2:33  Probe  
  26  2:35  Stalker (Chrono Boost)  
  26  2:36  Twilight Council, Probe  
  30  2:45  Probe  
  30  2:48  Probe  
  32  2:57  Probe  
  33  2:58  Robotics Facility  
  33  3:00  Probe  
  33  3:01  Adept  
  36  3:09  Probe  
  35  3:21  Probe (Chrono Boost)  
  35  3:22  Shield Battery, Probe (Chrono Boost)  
  37  3:27  Dark Shrine  
  37  3:28  Pylon  
  37  3:33  Probe (Chrono Boost)  
  39  3:38  Pylon  
  39  3:39  Probe (Chrono Boost)  
  39  3:40  Probe (Chrono Boost)  
  40  3:43  Gateway  
  40  3:45  Probe  
  40  3:47  Observer  
  40  3:48  Probe  
  42  3:52  Gateway  
  43  3:56  Assimilator  
  43  3:57  Probe  
  43  4:01  Assimilator, Probe  
  45  4:06  Gateway  
  45  4:07  Sentry  
  45  4:09  Probe  
  48  4:13  Probe  
  49  4:18  Pylon  
  49  4:21  Probe  
  49  4:22  Warp Prism (Chrono Boost)  
  50  4:25  Probe  
  50  4:31  Pylon  
  53  5:11  Dark Templar x4  
  53  5:13  Immortal (Chrono Boost), Charge  
  65  5:26  Gateway  
  65  5:27  Gateway  
  65  5:30  Gateway  
  65  5:32  Pylon  
  65  5:33  Pylon  
  65  5:39  Archon  
  65  5:40  Archon  
  65  5:48  Immortal (Chrono Boost)  
  69  5:53  Zealot x2, Pylon  
  69  5:54  Zealot x2, Pylon  
  69  5:56  Pylon  
  76  6:05  Pylon  
  76  6:14  Immortal (Chrono Boost)  
  80  6:23  Dark Templar x2  
  80  6:24  Zealot x4  
  92  6:47  Observer (Chrono Boost), Dark Templar  
  93  6:48  Dark Templar, Zealot x2  
  93  6:49  Zealot  
  103  6:55  Archon  
  103  6:58  Archon  
  103  7:03  Dark Templar x2  
  107  7:09  Pylon  
  107  7:10  Pylon  
  107  7:12  Zealot x3  
  107  7:14  Archon  
  111  7:32  Sentry  
  111  7:33  Sentry x3  
  111  7:34  Zealot  
  117  8:04  Zealot  
  117  8:05  Nexus  
  101  8:06  Zealot x6  
  106  8:14  Immortal  
  110  8:25  Templar Archives  
  110  8:27  Forge  
  110  8:35  Dark Templar x2  
  110  8:36  Zealot x3  
  110  8:39  Probe  
  121  8:42  Probe  
  121  8:45  Pylon  
  121  8:48  Archon  
  114  9:02  Sentry  
  114  9:03  Sentry  
  114  9:04  Dark Templar  
  114  9:05  Dark Templar, Zealot  
  124  9:10  Archon  
  124  9:12  Probe x2  
  124  9:14  Observer, Pylon  
  126  9:18  Observer  
  126  9:22  Probe  
  127  9:24  Probe  
  127  9:25  Probe  
  129  9:34  Probe  
  129  9:37  Probe x2  
  132  9:46  Assimilator  
  131  10:02  Observer (Chrono Boost)  
  131  10:04  Probe x3  
  135  10:12  Zealot x5  
  135  10:14  High Templar  
  147  10:15  Observer (Chrono Boost)  
  147  10:20  Nexus  
  140  10:22  Pylon  
  118  10:31  Zealot  
  118  10:35  Zealot x5  
Show
View Real Time Build Order
Export as new Build Order

Ryoku Zerg 

Build Orders: Hatch First 

Get SALT Encoding   

  12  0:00  Drone  
  13  0:13  Overlord  
  13  0:17  Drone  
  14  0:31  Drone x2  
  16  0:50  Hatchery  
  16  0:54  Drone  
  16  0:56  Drone  
  17  0:59  Drone  
  18  1:11  Extractor  
  18  1:15  Spawning Pool  
  18  1:17  Drone  
  17  1:20  Drone  
  18  1:28  Drone  
  19  1:39  Overlord  
  19  1:50  Drone  
  20  2:02  Queen  
  20  2:03  Zergling x2, Queen  
  20  2:04  Zergling x2  
  26  2:24  Drone  
  26  2:25  Drone  
  26  2:26  Drone x2  
  30  2:37  Drone x2  
  32  2:40  Queen  
  32  2:42  Lair  
  32  2:44  Overlord  
  34  2:47  Drone  
  35  2:55  Drone  
  36  3:01  Evolution Chamber, Overlord  
  36  3:05  Overlord  
  35  3:10  Drone x2  
  37  3:16  Drone  
  37  3:23  Overlord  
  37  3:25  Drone x4  
  41  3:29  Zerg Missile Weapons Level 1  
  41  3:30  Drone  
  42  3:39  Drone x2  
  44  3:44  Overlord  
  44  3:49  Extractor  
  44  3:51  Extractor  
  44  3:52  Roach Warren  
  41  3:56  Drone, Spore Crawler  
  41  4:03  Drone x6  
  41  4:09  Drone  
  48  4:14  Drone  
  49  4:21  Drone  
  50  4:24  Overlord x2  
  50  4:32  Hydralisk Den, Hatchery  
  50  4:34  Roach x4  
  56  4:45  Drone x2  
  58  4:50  Drone x2  
  60  4:56  Roach  
  60  4:57  Roach x3  
  60  4:59  Extractor, Roach x3  
  73  5:06  Roach x2  
  77  5:12  Overseer  
  76  5:22  Hydralisk x2  
  76  5:25  Overlord x2  
  80  5:28  Overlord  
  80  5:29  Overlord x2  
  80  5:35  Overseer  
  78  5:38  Hydralisk  
  78  5:39  Hydralisk  
  82  5:46  Drone x4  
  82  5:49  Grooved Spines  
  86  5:53  Hydralisk  
  88  6:01  Drone x2  
  88  6:02  Drone x3  
  93  6:05  Zerg Missile Weapons Level 2  
  91  6:15  Roach x3  
  91  6:16  Roach  
  95  6:29  Extractor  
  94  6:35  Hydralisk x4  
  102  6:49  Overlord x2  
  102  6:50  Overlord x2  
  102  6:51  Roach x7  
  116  7:01  Evolution Chamber x2  
  114  7:03  Roach x5  
  114  7:08  Overlord x2  
  124  7:17  Roach x4  
  132  7:26  Ravager x2  
  128  7:36  Roach x4  
  129  7:51  Ravager x2  
  129  7:52  Roach  
  133  8:05  Roach x6  
  92  8:14  Roach  
  92  8:15  Roach x3  
  98  8:22  Drone  
  98  8:23  Drone  
  98  8:26  Roach x5  
  103  8:37  Roach x3  
  103  8:38  Roach  
  86  8:57  Roach x7  
  96  9:04  Roach  
  98  9:15  Roach  
  98  9:16  Roach x7  
  114  9:26  Roach x2  
  114  9:30  Ravager  
  114  9:31  Ravager  
  120  9:41  Roach  
  120  9:42  Roach x3  
  128  9:48  Ravager  
  128  9:50  Roach  
  131  9:56  Roach x3  
  137  10:02  Roach  
  137  10:05  Overlord  
Tags
 
Add a new tag
Caveats
  • Supply blocks, unpowered buildings, or Contaminate may cause inaccurate times.
  • Supply counts are checked every 10 seconds.